 Dungeon Crawl Stone Soup version 0.29.1-14-g9c671dbff4 (webtiles) character file.

Game seed: 6586357575454262651

147613 Peloso the Peltast (level 16, -29/147 (154) HPs)
             Began as a Minotaur Fighter on Feb 19, 2023.
             Was a High Priest of Okawaru.
             Annihilated by a white very ugly thing (51 damage)
             ... in a wizard's laboratory.
             The game lasted 01:18:49 (41136 turns).

Peloso the Peltast (Minotaur Fighter)              Turns: 41136, Time: 01:18:49

HP:   -29/147 (154) AC: 30    Str: 28    XL:     16   Next: 92%
MP:   16/17         EV: 20    Int: 11    God:    Okawaru [*****.]
Gold: 2795          SH: 13    Dex: 21    Spells: 15/15 levels left

rFire   + + .      SeeInvis .   a - +7 long sword "Xuokot" {holy, Fly rF+}
rCold   . . .      Faith    .   d - +2 buckler {reflect}
rNeg    . . .      Spirit   .   s - +7 chain mail of Insurance {Slay+2}
rPois   .          Reflect  +   W - +1 hat of Gravitas {rC- Will+ Str+3}
rElec   .          Harm     .   R - +1 cloak of the Evil One {Will+ rCorr Int+2}
rCorr   +          Rampage  .   n - +0 pair of gloves
Will    +++..                   O - +0 pair of boots "Vustryock" {Dex+3}
Stlth   ++........              (no amulet)
HPRegen 0.34/turn               J - +6 ring of dexterity
MPRegen 0.15/turn               D - ring of protection from cold

@: heroic, flying, lightly drained
A: horns 2, retaliatory headbutt, clever 1, fire resistance 1, sturdy frame 1
a: Renounce Religion, Heroism, Finesse, Duel


You were in a wizard's laboratory.
You worshipped Okawaru.
Okawaru was extremely pleased with you.
You visited 5 branches of the dungeon, and saw 25 of its levels.
You also visited: Ossuary, Volcano and Wizlab.

You collected 3290 gold pieces.
You spent 495 gold pieces at shops.

Inventory:

Hand Weapons
 a - the +7 long sword "Xuokot" (weapon) {holy, Fly rF+}
   (You found it on level 9 of the Dungeon)

   It has been blessed by the Shining One to cause great damage to the undead
   and demons.
   rF:        It protects you from fire.
   Fly:       It grants you flight.
 b - a +1 falchion of flaming
Missiles
 w - 2 throwing nets (quivered)
Armour
 c - a +1 hat
 d - a +2 buckler of reflection (worn)
 n - a +0 pair of gloves (worn)
 s - the +7 chain mail of Insurance (worn) {Slay+2}
   (You found it on level 5 of the Dungeon)

   Slay:      It affects your accuracy & damage with ranged weapons and melee
   (+2).
 O - the +0 pair of boots "Vustryock" (worn) {Dex+3}
   (Okawaru gifted it to you on level 2 of the Orcish Mines)

   Dex:       It affects your dexterity (+3).
 R - the +1 cloak of the Evil One (worn) {Will+ rCorr Int+2}
   (You bought it in a shop on level 2 of the Orcish Mines)

   Int:       It affects your intelligence (+2).
   rCorr:     It protects you from acid and corrosion.
   Will:      It increases your willpower.
 S - the +3 pair of seven-league boots {Rampage+∞}
   (You found it on level 13 of the Dungeon)

   Its wearer moves as far as possible in that direction when moving towards
   enemies.
 U - +0 swamp dragon scales
 W - the +1 hat of Gravitas (worn) {rC- Will+ Str+3}
   (Okawaru gifted it to you on level 15 of the Dungeon)

   Str:       It affects your strength (+3).
   rC:        It makes you vulnerable to cold.
   Will:      It increases your willpower.
Jewellery
 h - the ring "Latseew" {rF+ Stlth+}
   (You found it in a wizard's laboratory)

   [ring of protection from fire]

   rF:        It protects you from fire.
   Stlth:     It makes you more stealthy.
 A - an amulet of guardian spirit
 D - a ring of protection from cold (right hand)
 H - an amulet of faith
 J - a +6 ring of dexterity (left hand)
 P - a ring of protection from fire
 T - a ring of wizardry
Wands
 y - a wand of mindburst (16)
 B - a wand of flame (28)
 E - a wand of polymorph (10)
 L - a wand of iceblast (22)
 Q - a wand of acid (7)
 V - a wand of paralysis (6)
Scrolls
 e - 2 scrolls of fear
 g - 12 scrolls of teleportation
 i - 3 scrolls of enchant armour
 l - 11 scrolls of identify
 o - 2 scrolls of fog
 p - 2 scrolls of summoning
 q - a scroll of magic mapping
 r - 4 scrolls of amnesia
 x - 6 scrolls of blinking
 K - 3 scrolls of immolation
 M - 2 scrolls of brand weapon
 N - 4 scrolls of enchant weapon
Potions
 f - 11 potions of curing
 j - 3 potions of haste
 k - a potion of berserk rage
 m - 7 potions of might
 t - 2 potions of resistance
 u - 7 potions of flight
 v - 6 potions of mutation
 z - 2 potions of invisibility
 C - 2 potions of ambrosia
 F - 2 potions of cancellation
 G - 5 potions of magic
 I - 2 potions of brilliance


   Skills:
 + Level 16.9(21.9) Fighting
 + Level 2.5(16.5) Short Blades
 + Level 18.7(23.7) Long Blades
 + Level 15.2(20.2) Armour
 + Level 10.7(15.7) Dodging
 + Level 3.6(8.6) Stealth
 + Level 19.1(24.1) Shields
 + Level 3.7 Invocations
 + Level 0.1 Evocations


You had 15 spell levels left.
You didn't know any spells.
Your spell library contained the following spells:

 Spells                   Type           Power      Damage    Failure   Level
 Apportation              Tloc           0%         N/A       61%         1
 Magic Dart               Conj           0%         1d3       61%         1
 Necrotise                Necr           0%         1d4       61%         1
 Blink                    Tloc           0%         N/A       75%         2
 Ensorcelled Hibernation  Hex/Ice        0%         N/A       75%         2
 Conjure Flame            Conj/Fire      0%         6-21      93%         3
 Dazzling Flash           Conj/Hex       0%         N/A       93%         3
 Ignite Poison            Fire/Tmut/Pois 0%         N/A       93%         3
 Mephitic Cloud           Conj/Pois/Air  0%         N/A       93%         3
 Portal Projectile        Hex/Tloc       0%         N/A       93%         3
 Spider Form              Tmut/Pois      0%         N/A       93%         3
 Anguish                  Hex/Necr       0%         N/A       100%        4
 Corpse Rot               Necr/Pois/Air  0%         N/A       100%        4
 Dispel Undead            Necr           0%         3d6       100%        4
 Iskenderun's Mystic Bla  Conj/Tloc      0%         2d3       100%        4
 Leda's Liquefaction      Hex/Erth       0%         N/A       100%        4
 Sticky Flame             Conj/Fire      0%         2d3       100%        4
 Blade Hands              Tmut           0%         N/A       100%        5
 Freezing Cloud           Conj/Ice/Air   0%         6-21      100%        5
 Irradiate                Conj/Tmut      0%         3d11      100%        5
 Iskenderun's Battlesphe  Conj           0%         2d6       100%        5
 Manifold Assault         Tloc           0%         N/A       100%        5
 Iron Shot                Conj/Erth      0%         9d1       100%        6
 Starburst                Conj/Fire      0%         6d3       100%        6
 Dragon Form              Tmut           0%         N/A       100%        7
 Storm Form               Tmut/Air       0%         N/A       100%        7
 Polar Vortex             Ice            0%         N/A       100%        9
 Summon Small Mammal      Summ           Unusable   N/A       N/A         1
 Call Imp                 Summ           Unusable   N/A       N/A         2
 Call Canine Familiar     Summ           Unusable   N/A       N/A         3
 Summon Guardian Golem    Hex/Summ       Unusable   N/A       N/A         3
 Death Channel            Necr           Unusable   N/A       N/A         6
 Simulacrum               Ice/Necr       Unusable   N/A       N/A         6
 Spellforged Servitor     Conj/Summ      Unusable   N/A       N/A         7

Dungeon Overview and Level Annotations

Branches:
Dungeon (15/15)            Temple (1/1) D:4            Lair (5/5) D:8
  Swamp (0/4) Lair:3        Snake (0/4) Lair:3        Slime (0/5) Lair:4
    Orc (2/2) D:12            Elf (2/3) Orc:2        Vaults (0/5) D:14
 Depths (0/4) D:15        Ossuary (visited)         Volcano (visited)
 WizLab (1/1)

Altars:
Ashenzari
Cheibriados
Dithmenos
Elyvilon
Fedhas
Gozag
Hepliaklqana
Kikubaaqudgha
Makhleb
Nemelex Xobeh
Okawaru
Qazlal
Ru
Sif Muna
Trog
Uskayaw
Vehumet
Wu Jian
Xom
Yredelemnul
Zin
The Shining One
Jiyva

Shops:
D:7 [   Orc:2 *=?[:

Portals:
Trove: D:10 (give 8 scrolls of blinking)

Annotations:
D:10 2 runed translucent doors, exclusion: orange crystal statue


Innate Abilities, Weirdness & Mutations

You have a pair of horns on your head.
You reflexively headbutt those who attack you in melee.
Your mind is acute. (Int +4, Str/Dex -1)
Your flesh is heat resistant. (rF+)
Your movements are slightly less encumbered by armour. (ER -2)


Message History

You hit the brown very ugly thing but do no damage.
Your headbutt misses the brown very ugly thing.
The brown very ugly thing is moderately wounded.
You slice the cyan ugly thing!!
The cyan ugly thing is moderately wounded.
You hear a horrible gurgling sound!
The brown very ugly thing tail-slaps you but does no damage.
You hit the cyan ugly thing. You headbutt the cyan ugly thing!
The cyan ugly thing is heavily wounded.
You block the cyan ugly thing's attack.
You barely miss the cyan ugly thing. You headbutt the cyan ugly thing!
The cyan ugly thing is severely wounded.
You block the brown very ugly thing's attack.
You slash the white very ugly thing!
The white very ugly thing is lightly wounded.
The brown very ugly thing tail-slaps you but does no damage.
You closely miss the white very ugly thing.
The white very ugly thing is lightly wounded.
The white very ugly thing tentacle-slaps you!
The white very ugly thing freezes you!!
You hit the white very ugly thing.
The white very ugly thing is lightly wounded.
The brown very ugly thing basks in the mutagenic energy from its kin and changes!
You slice the white very ugly thing!!
Your headbutt misses the white very ugly thing.
The white very ugly thing is heavily wounded.
The white very ugly thing tentacle-slaps you.
The white very ugly thing freezes you!!
You slice the white very ugly thing!!
The white very ugly thing is severely wounded.
You block the white very ugly thing's attack.
You closely miss the white very ugly thing.
The white very ugly thing is severely wounded.
The white very ugly thing punches you!
The white very ugly thing freezes you!!!
* * * LOW HITPOINT WARNING * * *
The white very ugly thing tentacle-slaps you!
* * * LOW HITPOINT WARNING * * *
The white very ugly thing freezes you!!!
You die...

##.......# #......†.......##
###...### ##..............#
#####'##### ##############..#
#§§.....#.###....##......÷†.#
§§§#.....∩.#.....u.........##
#§.#......##...u÷#..########
##.#...†.####.Xuu#..'.....##
.####'####..###u##uu#......##
..e#...##.... #u@#..#.......#
..p#...#ux... ##.#..#.......#
#..#...#x.... ###..#.......#
##.#...#..... #Xu###'#'###
.####'####... #..#...#...#
.u##...#o###~ #..#...#...#
.uu#...#p..## #..##.....##
.uu#...#....# #..########
..##...#..... #'##


You could see 3 very ugly things, a purple ugly thing and a large abomination.

Vanquished Creatures
  Rupert (Lair:3)
  Kirke (D:15)
  Gastronok (D:11)
  A tengu reaver (D:11)
  A deep elf sorcerer (Elf:2)
  2 orc warlords (Orc:2)
  A quicksilver ooze (shapeshifter) (Elf:1)
  An ettin (D:15)
  3 fire dragons
  10 boulder beetles
  4 vault guards (D:14)
  11 hydras
  2 ogre magi (Orc:2)
  A dancing weapon (Elf:1)
  8 centaur warriors
  2 two-headed ogres
  A deep troll earth mage (D:12)
  2 tengu warriors
  14 death yaks
  2 orc high priests
  4 deep elf knights
  Nergalle (Orc:2)
  2 fire crabs (shapeshifter) (WizLab)
  11 skeletal warriors
  A deep troll (D:15)
  An orb spider (shapeshifter) (WizLab)
  A swamp dragon (Lair:5)
  A deep troll (shapeshifter) (WizLab)
  A lindwurm (Lair:5)
  A harpy (shapeshifter) (WizLab)
  2 deep elf archers (Elf:1)
  An orange crystal statue (Lair:3)
  3 orc knights
  5 deep elf zephyrmancers (Elf:1)
  2 necromancers (D:15)
  23 ugly things
  2 deep elf pyromancers
  4 wolf spiders
  4 salamanders (Volcano)
  10 orc sorcerers
  2 manticores (shapeshifter) (WizLab)
  6 cyclopes
  6 manticores
  10 elephants
  A moth of wrath (shapeshifter) (WizLab)
  6 black mambas
  A black mamba (shapeshifter) (WizLab)
  A torpor snail (shapeshifter) (WizLab)
  A gargoyle (D:13)
  2 unseen horrors
  16 cane toads
  2 torpor snails
  6 rime drakes
  2 kobold demonologists
  A komodo dragon (shapeshifter) (WizLab)
  2 tengu conjurers (D:15)
  11 komodo dragons
  6 trolls
  3 meliai
  A troll (shapeshifter) (WizLab)
  2 polar bears (shapeshifter) (WizLab)
  The ghost of Eitelfritz the Slasher, an amateur MiGl (D:6)
  10 polar bears
  A tarantella (shapeshifter) (D:15)
  16 slime creatures
  7 blink frogs
  2 raiju (shapeshifter) (WizLab)
  A raiju (Lair:5)
  A jumping spider (shapeshifter) (WizLab)
  6 dream sheep (Lair:4)
  An air elemental (Elf:1)
  A vampire (D:13)
  A spriggan (shapeshifter) (WizLab)
  4 wraiths
  53 yaks
  A water elemental (Elf:1)
  2 shadows
  A fire bat (shapeshifter) (WizLab)
  4 wyverns
  2 humans (shapeshifter) (WizLab)
  A yak (shapeshifter) (D:14)
  Grum (D:10)
  A hog (D:15)
  2 fire bats (Volcano)
  4 humans
  A redback (shapeshifter) (WizLab)
  5 basilisks
  6 wargs
  4 vampire mosquitoes
  An iron golem (WizLab)
  4 steam dragons
  3 nagas (Lair:3)
  6 acid dragons
  9 water moccasins
  19 hell hounds
  4 floating eyes (WizLab)
  3 small abominations (WizLab)
  28 orc warriors
  An ice beast (D:5)
  4 boggarts (D:14)
  4 sky beasts
  15 black bears
  5 ogres
  28 centaurs
  2 phantoms
  50 wolves
  5 kobold brigands
  12 bullfrogs
  4 gnoll sergeants
  4 scorpions
  5 water moccasin zombies (Ossuary)
  15 killer bees
  2 howler monkeys (D:10)
  An electric eel (Lair:1)
  3 bullfrog zombies (D:6)
  3 centaur zombies (D:6)
  3 lava snakes (Lair:3)
  5 hounds
  14 orc priests
  2 jellies
  6 iguanas
  40 orc wizards
  3 mummies
  A howler monkey zombie (D:6)
  38 gnolls
  13 adders
  2 white imps
  An ufetubus (D:6)
  5 adder zombies (Ossuary)
  A worm (D:3)
  3 dart slugs
  93 orcs
  5 ball pythons
  7 endoplasms
  5 giant cockroaches
  4 goblins
  3 hobgoblins
  12 jackals
  2 quokkas
  3 bats
  2 frilled lizards
  2 gnoll zombies (Ossuary)
  8 hobgoblin zombies
  21 kobolds
  2 kobold zombies (Ossuary)
  6 orc zombies
  9 rats
938 creatures vanquished.

Vanquished Creatures (others)
  A deep elf death mage (Elf:1)
  A deep elf knight (Elf:1)
  A deep elf archer (Elf:1)
  A deep elf zephyrmancer (Elf:1)
  A deep elf pyromancer (Elf:1)
  A kobold brigand (D:14)
  An orc priest (Orc:1)
  An orc wizard (Orc:1)
  2 orcs (Orc:1)
  15 fungi
  28 plants
53 creatures vanquished.

Grand Total: 991 creatures vanquished

Notes
Turn   | Place    | Note
-------+----------+-------------------------------------------
     0 | D:1      | Peloso the Minotaur Fighter began the quest for the Orb.
     0 | D:1      | Reached XP level 1. HP: 19/19 MP: 0/0
   359 | D:1      | Reached XP level 2. HP: 27/27 MP: 1/1
   447 | D:1      | Gained mutation: Your mind is acute. (Int +4, Str/Dex -1)
                  | [potion of mutation]
   447 | D:1      | Gained mutation: Your movements are slightly less
                  | encumbered by armour. (ER -2) [potion of mutation]
   447 | D:1      | Gained mutation: Your flesh is heat resistant. (rF+)
                  | [potion of mutation]
   551 | D:2      | Reached skill level 4 in Shields
   555 | D:2      | Reached XP level 3. HP: 10/33 MP: 2/2
  1525 | D:2      | Reached XP level 4. HP: 38/40 MP: 3/3
  1836 | D:2      | Reached skill level 5 in Armour
  2157 | D:3      | Reached XP level 5. HP: 40/46 MP: 4/4
  2409 | D:3      | Found a faded altar of an unknown god.
  2425 | D:3      | Found a white marble altar of Elyvilon.
  2998 | D:4      | Reached skill level 5 in Shields
  3005 | D:4      | Reached XP level 6. HP: 17/53 MP: 5/5
  3250 | D:4      | Reached skill level 1 in Dodging
  3496 | D:4      | Found a stormy altar of Qazlal.
  3498 | D:4      | Noticed an air elemental
  3499 | D:4      | Noticed a water elemental
  3499 | D:4      | Noticed a fire elemental
  3562 | D:4      | Found a shimmering altar of Xom.
  3911 | D:4      | Reached skill level 5 in Long Blades
  3967 | D:4      | Reached skill level 5 in Fighting
  3967 | D:4      | Reached XP level 7. HP: 23/61 MP: 6/6
  4502 | D:4      | Found a staircase to the Ecumenical Temple.
  4546 | D:4      | Found a sacrificial altar of Ru.
  4606 | Temple   | Entered the Ecumenical Temple
  4651 | Temple   | Became a worshipper of Warmaster Okawaru
  4729 | D:5      | Entered Level 5 of the Dungeon
  5228 | D:5      | Identified the +7 chain mail of Insurance {Slay+2}
  5432 | D:5      | Identified the +3 war axe "Kiybuin" {venom, rPois Dex-3
                  | SInv Stlth-}
  5497 | D:5      | Reached XP level 8. HP: 47/70 MP: 7/7
  5498 | D:5      | Identified the +5 spear "Tica" {drain, Stlth+}
  6436 | D:5      | Reached skill level 6 in Shields
  6575 | D:5      | Reached * piety under Okawaru
  6712 | D:6      | Found a basalt altar of Yredelemnul.
  6936 | D:6      | Found a runed translucent door.
  6937 | D:6      | Noticed Eitelfritz's ghost (amateur MiGl)
  7376 | D:6      | Reached ** piety under Okawaru
  7377 | D:6      | Reached XP level 9. HP: 76/78 MP: 8/8
  7527 | D:6      | Reached skill level 1 in Stealth
  8086 | D:6      | Reached skill level 7 in Shields
  8799 | D:7      | Found a sand-covered staircase.
  8965 | Ossuary  | Entered an ossuary
  9106 | Ossuary  | Reached skill level 10 in Long Blades
  9422 | D:7      | Found Apihotus's Antique Armour Boutique.
  9555 | D:7      | Reached XP level 10. HP: 75/86 MP: 9/9
  9838 | D:8      | Found a staircase to the Lair.
  9848 | D:8      | Identified the +2 ring mail of Anaesthesia {Will+}
 10031 | D:8      | Reached *** piety under Okawaru
 10565 | D:8      | Reached skill level 8 in Shields
 10686 | D:8      | Found a glowing silver altar of Zin.
 10687 | D:8      | Found a burning altar of Makhleb.
 10687 | D:8      | Found an ornate altar of the Wu Jian Council.
 11633 | D:9      | Identified the +7 long sword "Xuokot" {holy, Fly rF+}
 11955 | D:9      | Reached skill level 9 in Shields
 11965 | D:9      | Reached skill level 1 in Invocations
 12142 | D:9      | Noticed a two-headed ogre
 12147 | D:9      | Killed a two-headed ogre
 12147 | D:9      | Reached **** piety under Okawaru
 12148 | D:9      | Reached skill level 5 in Dodging
 12216 | D:9      | Noticed a manticore
 12224 | D:9      | Killed a manticore
 12300 | D:9      | Reached XP level 11. HP: 95/95 MP: 10/10
 12302 | D:9      | Noticed a centaur warrior
 12313 | D:9      | Killed a centaur warrior
 12314 | D:9      | Reached skill level 10 in Armour
 12380 | D:9      | Noticed a centaur warrior
 12392 | D:9      | Killed a centaur warrior
 12393 | D:9      | Reached skill level 10 in Shields
 12416 | D:9      | Noticed an orc knight
 12428 | D:9      | Received a gift from Okawaru
 12432 | D:9      | Noticed a boulder beetle
 12448 | D:9      | Killed an orc knight
 12701 | D:9      | Killed a boulder beetle
 12752 | D:9      | Noticed a skeletal warrior
 12757 | D:9      | Killed a skeletal warrior
 12806 | D:9      | Noticed a boulder beetle
 12821 | D:9      | Killed a boulder beetle
 12821 | D:9      | Reached ***** piety under Okawaru
 12998 | D:10     | Entered Level 10 of the Dungeon
 13241 | D:10     | Found a runed translucent door.
 13249 | D:10     | Found the +10 tower shield of Ignorance {rN+ Int-4}
 13425 | D:10     | Noticed Grum
 13451 | D:10     | Killed Grum
 13666 | D:10     | Found a glowing golden altar of the Shining One.
 13750 | D:10     | Found a runed translucent door.
 13826 | D:10     | Noticed an orange crystal statue
 13911 | D:10     | Found a portal to a secret trove of treasure.
 13978 | D:10     | Found an ancient bone altar of Kikubaaqudgha.
 14162 | D:11     | Reached skill level 11 in Shields
 14337 | D:11     | Noticed a two-headed ogre
 14339 | D:11     | Noticed a red ugly thing
 14343 | D:11     | Killed a two-headed ogre
 14344 | D:11     | Reached skill level 10 in Fighting
 14359 | D:11     | Killed a red ugly thing
 14558 | D:11     | Reached XP level 12. HP: 71/106 MP: 12/12
 14701 | D:11     | Found a broken altar of Ashenzari.
 14703 | D:11     | Found a shimmering blue altar of Sif Muna.
 14703 | D:11     | Found a shimmering altar of Xom.
 14705 | D:11     | Found a bloodstained altar of Trog.
 14705 | D:11     | Found a glowing golden altar of the Shining One.
 14705 | D:11     | Found a hide-covered altar of Uskayaw.
 14945 | D:11     | Noticed Gastronok
 14974 | D:11     | Killed Gastronok
 15183 | D:11     | Identified the +8 war axe "Trog's Anger" {holy, *Rage rCorr
                  | SInv}
 15305 | D:12     | Reached ****** piety under Okawaru
 15462 | D:12     | Noticed a boulder beetle
 15476 | D:12     | Killed a boulder beetle
 15476 | D:12     | Received a gift from Okawaru
 15984 | D:12     | Found a glowing silver altar of Zin.
 16023 | D:12     | Noticed a centaur warrior
 16034 | D:12     | Killed a centaur warrior
 16035 | D:12     | Reached skill level 12 in Shields
 16244 | D:12     | Found a staircase to the Orcish Mines.
 16430 | D:12     | Noticed a tengu warrior
 16447 | D:12     | Killed a tengu warrior
 16664 | D:12     | Noticed a tengu reaver
 16664 | D:12     | Noticed a deep troll earth mage
 16703 | D:11     | Killed a tengu reaver
 16978 | D:12     | Killed a deep troll earth mage
 16979 | D:12     | Reached skill level 13 in Shields
 17023 | D:12     | Noticed a centaur warrior
 17031 | D:12     | Killed a centaur warrior
 17625 | Lair:1   | Entered Level 1 of the Lair of Beasts
 17766 | Lair:1   | Reached XP level 13. HP: 64/116 MP: 13/13
 18053 | Lair:1   | Reached skill level 15 in Long Blades
 18912 | Lair:2   | Found a dark tunnel.
 18926 | Volcano  | Entered a volcano
 19300 | Volcano  | Received a gift from Okawaru
 20960 | Lair:2   | Received a gift from Okawaru
 21116 | Lair:2   | You are sucked into a shaft and drop 2 floors!
 21123 | Lair:4   | Reached skill level 14 in Shields
 21414 | Lair:4   | Reached skill level 1 in Short Blades
 21768 | Lair:4   | Found a staircase to the Slime Pits.
 21768 | Lair:4   | Found a viscous altar of Jiyva.
 21783 | Lair:4   | Received a gift from Okawaru
 21913 | Lair:4   | Identified the +0 ring mail "Jiumecaz" {rN+ Int+3 Dex+2}
                  | (Okawaru gifted it to you on level 4 of the Lair of Beasts)
 21913 | Lair:4   | Received a gift from Okawaru
 21924 | Lair:4   | Reached XP level 14. HP: 106/129 MP: 15/15
 23276 | Lair:3   | Noticed Rupert
 23830 | Orc:1    | Entered Level 1 of the Orcish Mines
 24195 | Orc:2    | Entered Level 2 of the Orcish Mines
 25183 | Orc:2    | Reached skill level 15 in Shields
 26042 | Orc:2    | Found Naatit's CLEARANCE SALE!.
 26055 | Orc:2    | Bought a potion of haste for 40 gold pieces
 26101 | Orc:2    | Found a staircase to the Elven Halls.
 26235 | Orc:2    | Found Ojeuqoyn's Jewellery Shop.
 26260 | Orc:2    | Found a radiant altar of Vehumet.
 26281 | Orc:2    | Paralysed by an orc sorcerer for 5 turns
 26320 | Orc:2    | Found Yggen's Magic Scroll Shop.
 26388 | Orc:2    | Noticed Nergalle
 26399 | Orc:2    | Killed Nergalle
 26411 | Orc:2    | Found an ancient bone altar of Kikubaaqudgha.
 26429 | Orc:2    | Identified the +0 pair of boots "Vustryock" {Dex+3}
                  | (Okawaru gifted it to you on level 2 of the Orcish Mines)
 26429 | Orc:2    | Received a gift from Okawaru
 26441 | Orc:2    | Bought a scroll of brand weapon for 161 gold pieces
 26583 | Orc:2    | Found Ebrotwapu's Book Boutique.
 26628 | Orc:2    | Found Hykk's Antique Armour Shop.
 26647 | Orc:2    | Bought a masterwork cloak for 294 gold pieces
 26647 | Orc:2    | Identified the +1 cloak of the Evil One {Will+ rCorr Int+2}
                  | (You bought it in a shop on level 2 of the Orcish Mines)
 26836 | Orc:1    | Noticed an orc warlord
 27432 | Orc:2    | Killed an orc warlord
 27755 | Orc:1    | Noticed an orc warlord
 27915 | Orc:2    | Killed an orc warlord
 28676 | D:13     | Found the +3 pair of seven-league boots {Rampage+∞}
 28897 | D:13     | Found a glowing golden altar of the Shining One.
 29727 | D:6      | Killed Eitelfritz's ghost
 29896 | Lair:3   | Killed Rupert
 30058 | Lair:3   | Found a staircase to the Snake Pit.
 30079 | Lair:3   | Reached skill level 16 in Shields
 30413 | Lair:3   | Found a staircase to the Swamp.
 30723 | Lair:3   | Reached XP level 15. HP: 118/139 MP: 16/16
 31464 | Lair:5   | Entered Level 5 of the Lair of Beasts
 31671 | Lair:5   | Reached skill level 15 in Fighting
 31712 | Lair:5   | Identified the +4 rapier of Piunoov {vorpal, rElec Str+4
                  | Int+3} (Okawaru gifted it to you on level 5 of the Lair of
                  | Beasts)
 31712 | Lair:5   | Received a gift from Okawaru
 32728 | Lair:5   | Reached skill level 17 in Shields
 33152 | Lair:5   | Identified the +4 great sword of Wariness {pain, *Rage
                  | +Blink Dex+4} (Okawaru gifted it to you on level 5 of the
                  | Lair of Beasts)
 33152 | Lair:5   | Received a gift from Okawaru
 35121 | D:14     | Found a gate to the Vaults.
 35162 | D:14     | Received a gift from Okawaru
 35202 | D:14     | Reached XP level 16. HP: 94/149 MP: 17/17
 35633 | D:14     | Reached skill level 18 in Shields
 36399 | D:15     | Entered Level 15 of the Dungeon
 36399 | D:15     | Noticed Kirke
 36410 | D:15     | Killed Kirke
 36661 | D:15     | Identified the +1 hat of Gravitas {rC- Will+ Str+3}
                  | (Okawaru gifted it to you on level 15 of the Dungeon)
 36661 | D:15     | Received a gift from Okawaru
 36962 | D:15     | Reached skill level 10 in Dodging
 37967 | D:15     | Found a bloodstained altar of Trog.
 38526 | D:15     | Found a staircase to the Depths.
 38806 | Elf:1    | Entered Level 1 of the Elven Halls
 38943 | Elf:1    | Identified the +1 scale mail of Wec Ywug {Will+ Str+3
                  | Int-4}
 38947 | Elf:1    | Paralysed by an air elemental for 1 turns
 39438 | Elf:1    | Reached skill level 15 in Armour
 39998 | Elf:1    | You are sucked into a shaft and drop 1 floor!
 40053 | Elf:2    | Found a magical portal.
 40054 | Elf:2    | HP: 5/129 [+3 flail of draining (3)]
 40063 | WizLab   | Entered Cigotuvi's Fleshworks
 40523 | WizLab   | Identified the +3 cloak "Jerin" {-Tele rPois SInv} (Okawaru
                  | gifted it to you in a wizard's laboratory)
 40523 | WizLab   | Received a gift from Okawaru
 40710 | WizLab   | Reached skill level 19 in Shields
 40724 | WizLab   | Paralysed by a floating eye for 4 turns
 40733 | WizLab   | Paralysed by a floating eye for 4 turns
 40847 | WizLab   | Identified the ring "Latseew" {rF+ Stlth+}
 40859 | WizLab   | Paralysed by a floating eye for 4 turns
 40868 | WizLab   | Paralysed by a floating eye for 4 turns
 40996 | WizLab   | Paralysed by a floating eye for 3 turns
 41136 | WizLab   | Annihilated by a white very ugly thing

Illustrated notes

Levels and vault maps discovered:
D:1:      elethiomel_arrival_maze, layout_loops_ring, minmay_pentomino_q4
D:2:      minmay_wonky_spiral, layout_basic
D:3:      layout_rooms, mainiacjoe_overflow_catwalk,
          hellmonk_ecumenical_altar_leap_of_faith, st_stairs_12
D:4:      layout_loops_corners, nicolae_ru_path_of_blood, xom_butterflies,
          nicolae_qazlal_style_of_elements,
          minmay_temple_entry_drinking_statues, dk_vineyard_3,
          minmay_mini_ossuary
D:5:      layout_loops_corners
D:6:      layout_basic, nicolae_yredelemnul_corpse_copse,
          ebering_ghost_reflecting_pool, grunt_potential
D:7:      layout_rooms, enter_ossuary_1, serial_shops,
          nicolae_shop_advertising_works [nicolae_subvault_shop_adworks]
D:8:      layout_loops_corners, minitemple, lair_entry_dummy
D:9:      layout_roguey, hangedman_decor_riveting, minmay_tree_intersection,
          hangedman_abyss_or_decor_stabs, small_statue_intersection,
          minmay_evil_grid
D:10:     layout_small_grid, kennysheep_little_box,
          mainiacjoe_overflow_chevrons, enter_trove_6,
          chequers_guarded_unrand_ignorance, uniq_grum
D:11:     layout_gridville, doesnt_xom_only_xom, uniq_gastronok
D:12:     minmay_outward_triangles, layout_basic, hiddenorc1_lemuel,
          nicolae_zen_rock_garden, zin_scriptorium
D:13:     layout_long_grid, nicolae_tso_swordbearing_angel
D:14:     layout_long_grid, lightli_vaults_fourway_checkpoint
D:15:     hangedman_depths_entry_civil_slaughter, layout_long_grid,
          serial_bayou_pond_d, st_stairs_5, trog_three_pillars_becter,
          uniq_kirke
Temple:   nicolae_temple_godzebo
Lair:1:   layout_loops_ring, nicolae_quartered_pool_super
Lair:2:   layout_roguey, enter_volcano_3, chequers_serial_rivers_micro_e
Lair:3:   nzn_winding_woodlands_stair_cross [nzn_winding_woodlands_5x15_crooked,
          nzn_winding_woodlands_center_lodge,
          nzn_winding_woodlands_5x15_longhouse,
          nzn_winding_woodlands_5x5_default, nzn_winding_woodlands_5x5_cross,
          nzn_winding_woodlands_5x15_sawtooth,
          nzn_winding_woodlands_center_garden,
          nzn_winding_woodlands_5x15_jagged], layout_misc_corridors, swamp_mist,
          minmay_snake_entry_guardpost_small, disabler_island, uniq_rupert
Lair:4:   slaughterhouse, layout_big_grid, minmay_slime_entry_pillars
Lair:5:   hangedman_lair_caniforms_friends, layout_regular_city,
          guppyfry_lair_end_dragon, chequers_serial_rivers_small_a,
          grunt_forest_large_clearings
Orc:1:    layout_diamond_mine, mines2_lemuel
Orc:2:    kennysheep_orc_mage_school, layout_caves, nicolae_shop_clearance
Elf:1:    layout_rooms, hellmonk_ghost_big_iron, minivault_28,
          serial_sigils_hangedman_snap, roderic_roman_lattice,
          lemuel_flamethrower_hall
Elf:2:    elven_hall_of_blades_hangedman_alternative
          [nicolae_blade_entry_diamond_columns], layout_onion_city,
          infiniplex_enter_wizlab_water, due_unseen_surprise
WizLab:   wizlab_cigotuvi

Skill      XL: |  1  2  3  4  5  6  7  8  9 10 11 12 13 14 15 16 |
---------------+-------------------------------------------------+-----
Armour         | 4 5 6 8 9 10 11 12 13 14 15 | 15.2
Fighting       | 4 5 6 7 8 10 11 13 14 15 16 | 16.9
Shields        | 4 5 6 7 9 11 13 14 16 17 19 | 19.1
Long Blades    | 3 4 5 6 8 10 12 13 14 15 16 18 | 18.7
Dodging        | 1 2 3 4 5 6 7 8 9 10 | 10.7
Stealth        | 1 2 3 |  3.6
Invocations    | 1 2 3 |  3.7
Short Blades   | 2 |  2.5
Evocations     | |  0.1

Action                   |  1- 3 |  4- 6 |  7- 9 | 10-12 | 13-15 | 16-18 || total
-------------------------+-------+-------+-------+-------+-------+-------++-------
Melee: Long sword        |    80 |   203 |   471 |   637 |  1512 |   551 ||  3454
       Headbutt          |    12 |    31 |   113 |   155 |   469 |   194 ||   974
       Quick blade       |       |       |       |       |    38 |       ||    38
       Falchion          |       |       |       |       |    36 |    13 ||    49
Invok: Heroism           |       |       |     9 |    14 |    30 |     8 ||    61
Evoke: Wand              |       |       |     4 |       |     2 |       ||     6
  Use: Potion            |     6 |       |     4 |     1 |     5 |     6 ||    22
       Scroll            |     1 |     6 |    11 |     5 |     5 |     4 ||    32
Armor: Scale mail        |    33 |    13 |       |       |       |       ||    46
       Chain mail        |       |   134 |   287 |   333 |   682 |   247 ||  1683
Dodge: Dodged            |    41 |   108 |   256 |   224 |   885 |   307 ||  1821
Block: Buckler           |    16 |    69 |   115 |    22 |   972 |   308 ||  1502
       Kite shield       |       |       |    80 |   435 |       |       ||   515
       Reflection        |       |       |       |     1 |    29 |    32 ||    62
